 Dungeon Crawl Stone Soup version 0.23.2-40-g277498a (webtiles) character file.

Game seed: 17544277338822144522

35 CrazyJ the Shooter (level 3, 0/29 HPs)
             Began as a Centaur Arcane Marksman on Sept 11, 2019.
             Slain by a goblin (4 damage)
             ... on level 2 of the Dungeon.
             The game lasted 00:06:53 (1292 turns).

CrazyJ the Shooter (Centaur Arcane Marksman)        Turns: 1292, Time: 00:06:54

Health: 0/29       AC:  5    Str: 12    XL:     3   Next: 17%
Magic:  3/4        EV:  8    Int: 12    God:
Gold:   9          SH:  0    Dex: 10    Spells: 1/4 levels left

rFire    . . .     SeeInvis .   a - +0 shortbow
rCold    . . .     Gourm    .   (shield currently unavailable)
rNeg     . . .     Faith    .   p - +0 ring mail
rPois    .         Spirit   .   (no helmet)
rElec    .         Reflect  .   (no cloak)
rCorr    .         Harm     .   (no gloves)
MR       .....                  (no barding)
Stlth    ..........             (no amulet)
HPRegen  0.09/turn              (no ring)
MPRegen  0.09/turn              (no ring)

@: lethally poisoned (0 -> -8), very quick
A: large, hooves 3, deformed body, speed 2, tough skin 3
a: no special abilities


You were on level 2 of the Dungeon.
You were not hungry.

You visited 1 branch of the dungeon, and saw 2 of its levels.

You collected 9 gold pieces.

Inventory:

Hand Weapons
 a - a +0 shortbow (weapon)
 c - a +0 club
 i - a +0 dagger
Missiles
 d - 54 arrows (quivered)
 g - 57 stones
Armour
 b - a +0 buckler
 e - a +0 robe
 m - a +0 shield
 p - a +0 ring mail (worn)
Scrolls
 j - a scroll of identify {unknown}
 k - 4 scrolls of teleportation {unknown}
 o - 2 scrolls of remove curse {unknown}
Potions
 l - a potion of lignification {unknown}
 n - a potion of agility {unknown}
 q - a potion of heal wounds {unknown}
Comestibles
 f - 3 rations


   Skills:
 * Level 1.8 Fighting
 * Level 3.2 Bows
 + Level 0.1 Armour
 - Level 1.5 Dodging
 + Level 1.2 Spellcasting
 * Level 3.1 Hexes


You had one spell level left.
You knew the following spells:

 Your Spells              Type           Power        Failure   Level  Hunger
a - Corona                Hex            #......      19%         1    ##.....
b - Slow                  Hex            #.......     28%         2    ###....

Your spell library contained the following spells:

 Spells                   Type           Power        Failure   Level  Hunger
 Inner Flame              Hex/Fire       #.......     71%         3    ####...
 Portal Projectile        Hex/Tloc       #.....       71%         3    ####...
 Cause Fear               Hex            #.........   88%         4    #####..
 Leda's Liquefaction      Hex/Erth       #.........   98%         4    #####..


Dungeon Overview and Level Annotations

Branches:
Dungeon (2/15)

Altars:


Innate Abilities, Weirdness & Mutations

You have hooves in place of feet.
Armour fits poorly on your strangely shaped body.
You cover ground very quickly.
You have extremely tough skin. (AC +3)


Message History

Firing (i - inventory. (/) - cycle)
d - 56 arrows (quivered)
Press: ? - help, Shift-Dir - straight line, f/p - adder
Aim: an adder (moderately wounded, softly glowing)
You shoot an arrow. The arrow hits the adder.
The adder is heavily wounded.
You feel sick. The adder bites you.
* * * LOW HITPOINT WARNING * * *
You are more poisoned.
The adder poisons you! The goblin barely misses you.
* * * LOW HITPOINT WARNING * * *
You feel sick.
Found 7 gold pieces.
Firing (i - inventory. (/) - cycle)
d - 55 arrows (quivered)
Press: ? - help, Shift-Dir - straight line, f/p - adder
Aim: an adder (heavily wounded, softly glowing)
You shoot an arrow. The arrow hits the goblin.
The goblin is heavily wounded.
* * * LOW HITPOINT WARNING * * *
You feel sick. The goblin hits you.
You die...

# .# ###### ..#
##....###...#
###..#........#
..$....@......#
.###.##g###....
#....##S......#
#......(###...#
..##.##.# ## #
#.## # #(.#
#.###.#
###.....###


You could see an adder and a goblin.

Vanquished Creatures
  An ooze (D:2)
  A dart slug (D:1)
  A leopard gecko (D:1)
  3 bats (D:1)
  2 giant cockroaches (D:1)
  6 goblins
  5 jackals (D:1)
  3 kobolds (D:1)
  3 rats (D:1)
25 creatures vanquished.

Notes
Turn   | Place    | Note
-------+----------+-------------------------------------------
     0 | D:1      | CrazyJ the Centaur Arcane Marksman began the quest for the
                  | Orb.
     0 | D:1      | Reached XP level 1. HP: 16/16 MP: 2/2
   181 | D:1      | Reached XP level 2. HP: 21/23 MP: 3/3
   541 | D:1      | Learned a level 2 spell: Slow
  1244 | D:2      | Reached XP level 3. HP: 29/29 MP: 4/4
  1292 | D:2      | Slain by a goblin

Skill      XL: |  1  2 |
---------------+-------+-----
Bows           | 3 |  3.2
Hexes          | 3 |  3.1
Fighting       | |  1.8
Armour         | |  0.1
Dodging        | |  1.5
Spellcasting   | |  1.2

Action                   || total
-------------------------++-------
 Fire: Shortbow          ||   100
 Cast: Corona            ||     2
Armor: Robe              ||    20
       Ring mail         ||     7
Dodge: Dodged            ||    46
